 Dungeon Crawl Stone Soup version 0.19-b1-5-gdc9fa9d (webtiles) character file.

617729 tv1990 the Executioner (level 27, -14/220 (221) HPs)
             Began as a Formicid Monk on Oct 30, 2016.
             Was the Champion of the Shining One.
             Killed from afar by Gloorx Vloq (26 damage)
             ... with a foul vapour
             ... in Pandemonium on Oct 31, 2016.
             The game lasted 04:48:59 (57615 turns).

tv1990 the Executioner (Formicid Monk)             Turns: 57615, Time: 04:49:00

HP:   -14/220 (221) AC: 37    Str: 29    XL:     27
MP:   0/34          EV: 23    Int: 12    God:    the Shining One [******]
Gold: 4853          SH: 24    Dex: 27    Spells: 7 memorised, 21 levels left

rFire  + . .     SeeInvis +     H - +8 frozen axe "Frostbite" {freezing cloud, *Noise +Fly rC+}
rCold  + + +     Gourm    .     d - +10 plate armour of Zeteroill {rPois rC+ Dex-3 Slay+2 Stlth+}
rNeg   + + +     Faith    .     V - +1 large shield {rC+}
rPois  +         Spirit   +     (helmet unavailable)
rElec  +         Reflect  .     M - +1 cloak "Qemiunaf" {rElec rPois rCorr SInv}
rCorr  +         Harm     .     K - +0 pair of gloves of Okawaru's Reproof {Dex+5}
MR     +++..     Clarity  +     o - +2 pair of boots of the Assassin {DetectMon Stab+ Stlth++}
Stlth  ..........               b - amulet of guardian spirit
                                L - ring "Piutwarpho" {Fire rElec MR+ Dex+3 Stlth-}
                                k - ring "Ufoosih" {rPois rC+++ Str+6 Int-2 Slay+3}

@: mighty, silence, glowing, repel missiles
A: permanent stasis, dig shafts and tunnels, four strong arms, antennae 3,
clarity, clever 1, poison resistance
a: Dig, Shaft Self, Renounce Religion, Evoke Flight
}: 3/15 runes: decaying, silver, gossamer


You were in Pandemonium.
You worshipped the Shining One.
The Shining One was exalted by your worship.
You were full.

You visited 11 branches of the dungeon, and saw 49 of its levels.
You visited Pandemonium 1 time, and saw 2 of its levels.
You also visited: Trove, Sewer and Desolation.

You collected 7467 gold pieces.
You spent 2614 gold pieces at shops.

Inventory:

Hand Weapons
 a - a +6 arbalest of venom
 i - the +9 heavy crossbow "Sniper" {velocity, nevermiss, SInv}
   (You found it on level 3 of the Depths)

   Any bolt fired from it inflicts extra damage.
   It lets you see invisible.
 H - the +8 frozen axe "Frostbite" (weapon) {freezing cloud, *Noise +Fly rC+}
   (Okawaru gifted it to you on level 1 of the Vaults)

   It has been specially enchanted to freeze those struck by it, causing extra
   injury to most foes and up to half again as much damage against particularly
   susceptible opponents.
   It can also slow down cold-blooded creatures.
   It protects you from cold.
   It lets you fly.
   It may make noises in combat.
Missiles
 G - 1846 bolts
 X - 2 javelins of penetration (quivered)
Armour
 d - the +10 plate armour of Zeteroill (worn) {rPois rC+ Dex-3 Slay+2 Stlth+}
   (You found it in the Desolation of Salt)

   It affects your dexterity (-3).
   It affects your accuracy and damage with ranged weapons and melee attacks
   (+2).
   It protects you from cold.
   It protects you from poison.
   It makes you more stealthy.
 e - a +2 cloak of magic resistance
 m - +3 fire dragon scales
 o - the +2 pair of boots of the Assassin (worn) {DetectMon Stab+ Stlth++}
   (You acquired it on level 2 of the Depths)

   It makes you much more stealthy.
 K - the +0 pair of gloves of Okawaru's Reproof (worn) {Dex+5}
   (Okawaru gifted it to you on level 12 of the Dungeon)

   It affects your dexterity (+5).
 M - the +1 cloak "Qemiunaf" (worn) {rElec rPois rCorr SInv}
   (You found it on level 5 of the Vaults)

   It insulates you from electricity.
   It protects you from poison.
   It lets you see invisible.
   It protects you from acid and corrosion.
 V - a +1 large shield of cold resistance (worn)
Jewellery
 b - an amulet of guardian spirit (around neck)
 k - the ring "Ufoosih" (left hand) {rPois rC+++ Str+6 Int-2 Slay+3}
   (You took it off a deep elf annihilator on level 3 of the Elven Halls)

   [ring of poison resistance]

   It affects your strength (+6).
   It affects your intelligence (-2).
   It affects your accuracy and damage with ranged weapons and melee attacks
   (+3).
   It renders you almost immune to cold.
   It protects you from poison.
 I - a +3 amulet of reflection
 L - the ring "Piutwarpho" (right hand) {Fire rElec MR+ Dex+3 Stlth-}
   (You found it on level 15 of the Dungeon)

   [ring of fire]

   It enhances your fire magic.
   It affects your dexterity (+3).
   It protects you from fire.
   It makes you vulnerable to cold.
   It insulates you from electricity.
   It affects your resistance to hostile enchantments.
   It makes you less stealthy.
 O - the ring of Zogoiva {*Corrode rF+ rN++ Dex+5}
   (You took it off an imperial myrmidon in the Desolation of Salt)

   [ring of protection from fire]

   It affects your dexterity (+5).
   It protects you from fire.
   It greatly protects you from negative energy.
   It may corrode you when you take damage.
Wands
 n - a wand of acid (3/15)
 r - a wand of acid (4/15)
 w - a wand of heal wounds (0/9)
 R - a wand of teleportation (2/9)
 Z - a wand of lightning (12/15)
Scrolls
 j - a scroll of silence
 l - 29 scrolls of remove curse
 t - 10 scrolls of recharging
 v - 11 scrolls of fear
 y - 15 scrolls of identify
 C - 11 scrolls of immolation
 D - 6 scrolls of magic mapping
 P - 4 scrolls of fog
 Y - 4 scrolls of holy word
Potions
 f - 5 potions of brilliance
 q - 3 potions of agility
 s - 3 potions of cure mutation
 u - 2 potions of cancellation
 x - a potion of flight
 A - 4 potions of might
 E - 3 potions of magic
 F - 3 potions of invisibility
 J - 5 potions of ambrosia
 Q - 2 potions of resistance
 W - 13 potions of curing
Comestibles
 c - 29 bread rations
 z - 16 meat rations


   Skills:
 - Level 19.0 Fighting
 + Level 26.3 Axes
 - Level 13.3 Crossbows
 - Level 19.0 Armour
 - Level 16.0 Dodging
 - Level 2.4 Stealth
 - Level 16.2 Shields
 - Level 7.4 Spellcasting
 - Level 7.7 Charms
 - Level 14.3 Translocations
 - Level 9.4 Invocations


You had 21 spell levels left.
You knew the following spells:

 Your Spells              Type           Power        Failure   Level  Hunger
a - Repel Missiles        Chrm/Air       ##....       24%         2    #......
b - Song of Slaying       Chrm           ###.....     4%          2    #......
c - Lesser Beckoning      Tloc           #####.....   1%          3    ###....
d - Passage of Golubria   Tloc           N/A          1%          4    ####...
e - Teleport Other        Tloc           #####...     1%          3    ###....
f - Portal Projectile     Tloc           #####.       1%          3    ###....
g - Swiftness             Chrm/Air       ##......     24%         2    #......


Dungeon Overview and Level Annotations

Branches:
Dungeon (15/15)            Temple (1/1) D:4            Lair (6/6) D:11
  Swamp (4/4) Lair:2       Spider (4/4) Lair:3        Slime (0/5) Lair:5
    Orc (2/2) D:10            Elf (3/3) Orc:2        Vaults (5/5) D:14
  Crypt (3/3) Vaults:2       Tomb (0/3) Crypt:3      Depths (5/5) D:15
   Hell (1/1)                 Dis (0/7) Hell            Geh (0/7) Hell
    Coc (0/7) Hell            Tar (0/7) Hell            Zot (0/5) Depths:5

Altars:
Ashenzari
Cheibriados
Dithmenos
Elyvilon
Fedhas
Gozag
Hepliaklqana
Kikubaaqudgha
Nemelex Xobeh
Okawaru
Qazlal
Ru
Sif Muna
Trog
Uskayaw
Vehumet
Xom
Yredelemnul
Zin
The Shining One
Beogh
Jiyva

Shops:
D:10 (?   D:11 !   Orc:1 }   Orc:2 ([[%   Elf:1 }   Elf:2 *   Vaults:1 (!(
Vaults:5 (

Portals:
Hell: Depths:1 Depths:2 Depths:3 Depths:4 Depths:5
Abyss: Depths:1 Depths:4
Pandemonium: Depths:1 Depths:2 Depths:3 Depths:5
Ziggurat: Depths:3

Annotations:
Pan Gloorx Vloq


Innate Abilities, Weirdness & Mutations

You are under a permanent stasis effect.
You can dig through walls and to a lower floor.
Your four strong arms can wield two-handed weapons with a shield.
You have a pair of large antennae on your head. (SInv)
You possess an exceptional clarity of mind.
Your mind is acute. (Int +2)
Your system is resistant to poisons. (rPois)


Message History

The demonic crawler hits your daeva but does no damage. x2
Your daeva hits the demonic crawler with a scimitar of holy wrath.
The demonic crawler convulses!
Your daeva hits the demonic crawler with a scimitar of holy wrath.
The demonic crawler convulses.
The curse skull calls on the powers of darkness!
Your daeva convulses!
Your body is wracked with pain!
* * * LOW HITPOINT WARNING * * *
The jiangshi claws you but does no damage.
You block the jiangshi's attack.
The Executioner gestures.
Unknown command.
Unknown command.
Unknown command.
Gloorx Vloq gestures at you. The foul vapour engulfs you!
You feel your flesh rotting away!
Your stasis keeps you stable.
You die...

..#...#...#.#.. ## ..#
..'...#.....#.##. ..
..#...#...#.#.#..###.###
..#...#.....#.#.##.....##
..#...#...#.'.#.#sZ.....#
..#...#.....#.#(#Az1....#
#.#...#...#.#††.#V&#{#..#
#.'...#.....#...#§.#{# #
..#...#...#.#...@.##{#
###.........#...###{{.
#.........#...# W.. .
#...#...#.#.... n##
.##...#.....#...#. .#
.##...#...#.#...#
#...#.....#.#.#
#...#...#.#.#.
#...#.....#


You could see Gloorx Vloq, an Executioner, a jiangshi, a demonic crawler, a
curse skull, a four-headed hydra zombie and a friendly daeva.

Vanquished Creatures
  Khufu (Crypt:3)
  A greater mummy (Crypt:3)
  Sojobo (Vaults:5)
  the Lernaean hydra (Swamp:4)
  Xtahua (Vaults:2)
  2 caustic shrikes
  Geryon (Hell)
  3 golden dragons
  Jory (Crypt:1)
  Arachne (Spider:2)
  A pandemonium lord (Pan)
  the Enchantress (Depths:3)
  2 bone dragons
  A Brimstone Fiend (Pan)
  8 deep elf blademasters
  5 tentacled monstrosities
  The ghost of Gekot the Executioner, an adept MiFi of Okawaru (Vaults:2)
  5 liches
  A quicksilver dragon (Depths:1)
  9 Executioners (Pan)
  13 titans
  7 sphinxes
  A deep elf master archer (Pan)
  5 ancient champions
  The ghost of feelmyfire the Impaler, an adept MiFi of Okawaru (Desolation)
  4 thorn hunters
  11 tengu reavers
  Donald (Orc:2)
  6 storm dragons
  4 shadow dragons
  A draconian monk (Depths:5)
  24 fire giants
  A revenant (Crypt:2)
  2 imperial myrmidons (Desolation)
  An orc warlord (Orc:2)
  7 emperor scorpions
  2 ghost moths (Spider:4)
  Aizul (Vaults:3)
  A balrug (Pan)
  A cacodemon (Depths:5)
  10 deep elf sorcerers
  3 deep elf elementalists (Elf:3)
  19 vault wardens
  24 frost giants
  A draconian shifter (Depths:5)
  Louise (Swamp:2)
  3 iron dragons
  2 curse skulls
  9 ghouls
  12 ironheart preservers
  6 spriggan defenders
  27 very ugly things
  5 reapers
  An entropy weaver (Spider:4)
  9 war gargoyles
  24 stone giants
  11 vampire knights
  A black draconian (Depths:5)
  2 green draconians
  A black sun (Pan)
  5 lorocyprocas (Pan)
  8 deep elf demonologists
  A dire elephant (D:15)
  Azrael (Spider:1)
  4 red draconians
  2 purple draconians (Depths:5)
  13 deep elf annihilators
  A yellow draconian (Depths:5)
  A mottled draconian (Depths:5)
  A halazid warlock (Desolation)
  3 spark wasps
  Snorg (Orc:1)
  10 crystal guardians
  4 blizzard demons (Hell)
  17 ettins
  A merfolk impaler (Depths:4)
  2 eidola (Crypt:1)
  Josephine (Orc:1)
  13 fire dragons
  3 green deaths
  13 jiangshi
  5 ragged hierophants (Desolation)
  10 deep elf death magi
  Harold (D:11)
  3 servants of whispers (Desolation)
  5 rakshasas
  8 deep elf high priests
  12 yaktaur captains
  17 hydras
  11 ice dragons
  8 great orbs of eyes
  A quicksilver dragon skeleton (Crypt:3)
  The ghost of cedor the Cleaver, a journeyman HOWr of Beogh (D:11)
  7 peacekeepers
  2 ghost crabs
  4 spriggan air magi
  28 vault guards
  Erica (D:9)
  4 catoblepae
  12 centaur warriors
  4 death knights
  32 dancing weapons
  A hell hog (Depths:1)
  14 ogre magi
  A queen ant (shapeshifter) (Vaults:5)
  9 deep troll earth magi
  6 tengu warriors
  9 deep troll shamans
  17 death yaks (Lair:6)
  5 alligators
  2 orc high priests (Orc:2)
  6 vampire magi
  Nergalle (Lair:4)
  A spriggan berserker (Depths:3)
  26 deep elf knights
  20 hell knights
  A small abomination (Vaults:5)
  6 soul eaters
  A storm dragon zombie (Crypt:3)
  6 large abominations
  An iron golem (Hell)
  A sixfirhy (Pan)
  7 sun demons
  A golden dragon zombie (Crypt:3)
  5 shadow wraiths
  A titan skeleton (Crypt:1)
  43 skeletal warriors
  A spectral catoblepas (Crypt:1)
  4 flayed ghosts
  5 iron trolls
  2 fire crabs (shapeshifter)
  3 unseen horrors
  14 swamp dragons
  A spriggan druid (Swamp:3)
  3 anaconda zombies
  4 shambling mangroves
  A gelid demonspawn (Depths:5)
  4 golden dragon skeletons
  30 deep elf archers
  An infernal demonspawn (Pan)
  A ghost moth zombie (Crypt:1)
  28 deep trolls
  18 phantasmal warriors
  7 glowing orange brains
  6 wizards
  8 hill giants
  2 shadow dragon zombies (Crypt:3)
  14 ironbrand convokers
  An anaconda skeleton (Crypt:2)
  A harpy (Vaults:4)
  29 ugly things
  21 necromancers
  13 orc knights
  26 orb spiders
  A wolf spider zombie (Crypt:1)
  A stone giant zombie (Crypt:3)
  36 wolf spiders
  A faun (shapeshifter) (D:15)
  A fire giant zombie (Crypt:1)
  A manticore (D:15)
  3 orc sorcerers
  2 wolf spiders (shapeshifter)
  5 cyclopes
  6 frost giant zombies (Crypt:1)
  A salamander (D:15)
  74 deep elf magi
  2 frost giant skeletons
  2 iron dragon skeletons
  6 rust devils
  Maurice (D:11)
  A black mamba (shapeshifter) (D:15)
  A moth of wrath (Spider:4)
  2 guardian serpents (shapeshifter)
  2 guardian serpents (Desolation)
  5 elephants
  Psyche (D:9)
  Joseph (D:9)
  A black mamba (Lair:1)
  2 ice statues (Hell)
  A water nymph (shapeshifter) (Vaults:5)
  16 vault sentinels
  2 orange demons
  3 torpor snails
  2 molten gargoyles
  2 fire giant skeletons (Crypt:1)
  A gargoyle (D:11)
  8 smoke demons
  20 spiny frogs
  A spiny frog (shapeshifter) (Vaults:1)
  6 hellions
  54 yaktaurs
  A dire elephant skeleton (Pan)
  A pale draconian zombie (Crypt:2)
  2 komodo dragons (shapeshifter)
  5 komodo dragons
  A kobold demonologist (D:15)
  9 rime drakes
  28 demonic crawlers
  18 freezing wraiths
  2 ice devils
  3 tengu conjurers
  2 hellwings (Pan)
  8 red devils
  A polar bear (Lair:6)
  4 trolls
  4 hydra zombies
  20 two-headed ogres
  7 tyrant leeches
  38 jumping spiders
  34 slime creatures
  A meliai (shapeshifter) (Vaults:5)
  A meliai zombie (D:11)
  12 blink frogs
  24 hornets
  A raiju (shapeshifter) (Vaults:4)
  A fire dragon zombie (Crypt:3)
  29 saltlings (Desolation)
  6 bog bodies
  14 dream sheep
  2 hippogriffs (shapeshifter) (Vaults:1)
  3 alligator skeletons
  2 blink frogs (shapeshifter) (Depths:1)
  14 hippogriffs
  6 air elementals
  37 flying skulls
  A vampire (D:13)
  13 wraiths
  A spriggan (shapeshifter) (Elf:2)
  A redback (shapeshifter) (Depths:3)
  A yak (shapeshifter) (Vaults:2)
  11 water elementals
  2 ynoxinuls
  12 spriggans
  38 tarantellas
  8 wyverns
  6 shadows
  11 fire elementals
  84 redbacks
  60 yaks
  An ice dragon skeleton (Crypt:1)
  A satyr skeleton (Crypt:1)
  3 neqoxecs
  A yaktaur simulacrum (Vaults:2)
  8 basilisks
  A hungry ghost (D:12)
  19 swamp worms
  9 insubstantial wisps
  A spiny frog zombie (Hell)
  Edmund (D:6)
  25 vampire mosquitoes
  A soldier ant (shapeshifter) (Vaults:3)
  8 wargs
  A minotaur simulacrum (Crypt:1)
  A deep troll zombie (Vaults:2)
  A naga (shapeshifter) (Vaults:1)
  12 water moccasins
  A hydra simulacrum (Hell)
  20 hell hounds
  6 porcupines
  A monstrous demonspawn skeleton (Crypt:2)
  A spiny frog skeleton (Crypt:1)
  47 orc warriors
  14 swamp drakes
  Purgy (Sewer)
  5 black bears
  A black bear (shapeshifter) (Vaults:1)
  A hornet zombie (D:11)
  2 ice beasts
  11 necrophages
  2 phantoms
  3 sky beasts
  23 boggarts
  45 ogres
  A tengu (shapeshifter) (Vaults:3)
  18 wolves
  26 centaurs
  11 crocodiles
  3 big kobolds
  A hippogriff zombie (Crypt:2)
  5 bullfrogs
  A draconian skeleton (Crypt:1)
  5 earth elementals
  6 elf zombies
  5 human skeletons
  An elf skeleton (D:7)
  A water moccasin skeleton (Crypt:1)
  6 scorpions (D:5)
  10 killer bees (D:10)
  2 troll zombies
  2 spectral wolves (Crypt:1)
  2 troll skeletons
  2 howler monkeys (D:10)
  8 wights
  3 electric eels
  9 crimson imps
  2 centaur zombies
  6 jellies
  21 orc priests
  A black bear zombie (Crypt:1)
  8 hounds
  2 human zombies (D:7)
  3 bullfrog skeletons
  5 centaur skeletons
  3 iron imps (Hell)
  Ijyb (D:2)
  4 iguanas
  6 worker ants
  27 orc wizards
  A killer bee zombie (D:10)
  A dwarf zombie (Crypt:2)
  A tengu skeleton (Crypt:3)
  2 hound skeletons
  4 mummies
  A worker ant zombie (D:5)
  7 gnolls
  2 howler monkey skeletons
  2 steam dragon zombies
  20 adders
  A river rat (D:5)
  7 shadow imps
  A white imp (Hell)
  An adder zombie (D:6)
  2 adder skeletons (D:5)
  An iguana skeleton (Crypt:2)
  A worm (D:2)
  A dart slug (D:2)
  3 leopard geckos
  120 orcs
  4 giant cockroaches
  2 gnoll zombies (D:5)
  3 goblins
  9 hobgoblins
  6 jackals
  3 quokkas
  2 ball pythons
  12 bats
  5 frilled lizards
  A frilled lizard zombie (Crypt:1)
  3 goblin skeletons (D:6)
  2 goblin zombies (D:6)
  19 kobolds
  A kobold skeleton (D:6)
  A kobold zombie (D:6)
  A leopard gecko skeleton (D:4)
  A leopard gecko zombie (D:7)
  4 orc skeletons
  An orc zombie (D:7)
  A quokka skeleton (D:4)
  13 rats
  A river rat zombie (Crypt:1)
  13 briar patches
  A butterfly (Lair:3)
  4 crawling corpses (Vaults:5)
  A fungus (Lair:2)
2685 creatures vanquished.

Vanquished Creatures (collateral kills)
  An ancient lich (Crypt:3)
  Boris (Crypt:3)
  A lich (Crypt:3)
  A crystal guardian (Crypt:3)
  A hydra (Swamp:4)
  A hell knight (Crypt:3)
  A small abomination (Elf:3)
7 creatures vanquished.

Vanquished Creatures (others)
  Asterion (Vaults:2)
  A deep elf blademaster (Crypt:1)
  3 deep elf master archers (Elf:3)
  A fire giant (Pan)
  A stone giant (Vaults:5)
  A deep elf annihilator (Elf:3)
  A purple draconian (D:14)
  2 yaktaur captains
  A centaur warrior (Depths:1)
  A dancing weapon (Elf:2)
  2 deep elf knights
  2 skeletal warriors (Hell)
  A wizard (Depths:1)
  3 deep elf archers
  A deep elf mage (Pan)
  An orb spider (Spider:2)
  A wolf spider (Spider:2)
  2 yaktaurs
  A saltling (Desolation)
  A swamp drake (Swamp:4)
  An ogre (Vaults:2)
  A wolf (Crypt:1)
  2 boggarts (Depths:1)
  7 briar patches
  7 fungi
  21 plants
67 creatures vanquished.

Grand Total: 2759 creatures vanquished

Notes
Turn   | Place    | Note
-------+----------+-------------------------------------------
     0 | D:1      | tv1990 the Formicid Monk began the quest for the Orb.
     0 | D:1      | Reached XP level 1. HP: 18/18 MP: 1/1
   538 | D:1      | Reached XP level 2. HP: 24/24 MP: 2/2
  1199 | D:2      | Reached skill level 1 in Armour
  1199 | D:2      | Reached XP level 3. HP: 16/29 MP: 3/3
  1523 | D:2      | Noticed Ijyb
  1542 | D:2      | Killed Ijyb
  1542 | D:2      | Reached skill level 4 in Axes
  1542 | D:2      | Reached XP level 4. HP: 32/37 MP: 4/4
  1550 | D:2      | Found a bloodstained altar of Trog.
  2091 | D:3      | Reached XP level 5. HP: 42/42 MP: 5/5
  2442 | D:3      | Noticed an angel
  2443 | D:3      | Found a glowing silver altar of Zin.
  2552 | D:4      | Found a staircase to the Ecumenical Temple.
  2558 | Temple   | Entered the Ecumenical Temple
  2598 | Temple   | Became a worshipper of Warmaster Okawaru
  2598 | Temple   | Reached * piety under Okawaru
  2598 | Temple   | Reached ** piety under Okawaru
  2664 | D:4      | Reached skill level 1 in Shields
  2988 | D:4      | Reached skill level 1 in Invocations
  3002 | D:4      | Reached XP level 6. HP: 45/48 MP: 6/6
  3239 | D:4      | Found a sparkling altar of Nemelex Xobeh.
  3788 | D:5      | Entered Level 5 of the Dungeon
  3799 | D:5      | Reached XP level 7. HP: 23/54 MP: 9/9
  4222 | D:5      | Found a glowing drain.
  4235 | D:5      | Reached skill level 5 in Invocations
  4251 | Sewer    | Entered a sewer
  4437 | Sewer    | Noticed Purgy
  4458 | Sewer    | Killed Purgy
  4532 | D:5      | Found a basalt altar of Yredelemnul.
  4658 | D:5      | Reached *** piety under Okawaru
  4695 | D:5      | Reached XP level 8. HP: 41/60 MP: 11/13
  4985 | D:5      | Found a blossoming altar of Fedhas.
  5418 | D:6      | Found a glowing golden altar of the Shining One.
  5461 | D:6      | Noticed Edmund
  5478 | D:6      | Reached **** piety under Okawaru
  5554 | D:6      | Killed Edmund
  5923 | D:6      | Found a stormy altar of Qazlal.
  5961 | D:6      | Reached XP level 9. HP: 57/66 MP: 13/16
  6063 | D:7      | Reached skill level 5 in Axes
  6140 | D:7      | Reached skill level 5 in Fighting
  6431 | D:7      | Found a sacrificial altar of Ru.
  6461 | D:7      | Reached skill level 6 in Axes
  6507 | D:7      | Noticed a hornet
  6530 | D:7      | Killed a hornet
  7057 | D:7      | Found a basalt altar of Yredelemnul.
  7214 | D:7      | Reached skill level 7 in Axes
  7385 | D:7      | Reached skill level 5 in Armour
  7588 | D:7      | Reached XP level 10. HP: 54/77 MP: 14/17
  7942 | D:8      | Reached skill level 8 in Axes
  8461 | D:9      | Noticed Joseph
  8495 | D:9      | Killed Joseph
  8495 | D:9      | Reached skill level 5 in Shields
  8764 | D:9      | Noticed Erica
  8796 | D:9      | Killed Erica
  8796 | D:9      | Reached ***** piety under Okawaru
  9179 | D:9      | Noticed Psyche
  9205 | D:9      | Killed Psyche
  9515 | D:10     | Entered Level 10 of the Dungeon
  9644 | D:10     | Received a gift from Okawaru
  9697 | D:10     | Found Ibbygas's Weapon Emporium.
  9700 | D:10     | Noticed a hill giant
  9723 | D:10     | Killed a hill giant
  9723 | D:10     | Reached XP level 11. HP: 34/83 MP: 18/18
  9763 | D:10     | Reached skill level 10 in Shields
  9870 | D:10     | Found a staircase to the Orcish Mines.
  9899 | D:10     | Found Pifyib's Magic Scroll Emporium.
  9903 | D:10     | Bought a scroll of recharging for 95 gold pieces
  9903 | D:10     | Bought a scroll of random uselessness for 10 gold pieces
  9903 | D:10     | Bought a scroll of identify for 20 gold pieces
  9903 | D:10     | Bought a scroll of identify for 20 gold pieces
  9903 | D:10     | Bought a scroll of identify for 20 gold pieces
  9903 | D:10     | Bought a scroll of holy word for 75 gold pieces
  9903 | D:10     | Bought 3 scrolls of fog for 60 gold pieces
  9928 | D:10     | Noticed a hill giant
  9947 | D:10     | Killed a hill giant
 10418 | D:10     | Received a gift from Okawaru
 10421 | D:10     | Got a transparent broad axe {god gift}
 10422 | D:10     | Identified the +1 broad axe "Pipnicyh" {freeze, rElec MR+} (Okawaru gifted it to you on level 10 of the Dungeon)
 10454 | D:10     | Noticed an unseen horror
 10481 | D:10     | Killed an unseen horror
 10501 | D:10     | Found Dofy's Assorted Antiques.
 10653 | D:11     | Noticed Harold
 10653 | D:11     | Noticed a hill giant
 10676 | D:10     | Killed a hill giant
 10836 | D:11     | Killed Harold
 10903 | D:11     | Found a staircase to the Lair.
 10922 | D:11     | Noticed a cyclops
 10958 | D:11     | Killed a cyclops
 11023 | D:11     | Reached XP level 12. HP: 84/89 MP: 19/19
 11101 | D:11     | Noticed cedor's ghost (journeyman HOWr)
 11121 | D:11     | Killed cedor's ghost
 11133 | D:11     | Noticed Maurice
 11145 | D:11     | Killed Maurice
 11145 | D:11     | Reached ****** piety under Okawaru
 11158 | D:11     | Reached skill level 15 in Shields
 11231 | D:11     | Found Kuelonen's Distillery.
 11243 | D:11     | Bought 2 potions of heal wounds for 130 gold pieces
 11243 | D:11     | Bought a potion of curing for 39 gold pieces
 11243 | D:11     | Bought 2 potions of curing for 78 gold pieces
 11443 | D:11     | Received a gift from Okawaru
 11681 | Lair:1   | Entered Level 1 of the Lair of Beasts
 12834 | Lair:1   | Received a gift from Okawaru
 12955 | Lair:2   | Gained mutation: Your spells are a little harder to cast, but a little more powerful. [potion of mutation]
 12955 | Lair:2   | Lost mutation: Your spells are a little harder to cast, but a little more powerful. [potion of mutation]
 12955 | Lair:2   | Gained mutation: Your mind is acute. (Int +2) [potion of mutation]
 12969 | Lair:2   | Found a staircase to the Swamp.
 12977 | Lair:2   | Reached skill level 9 in Axes
 12981 | Lair:2   | Reached XP level 13. HP: 57/96 MP: 20/20
 13867 | Lair:3   | Found a hole to the Spider Nest.
 14238 | Lair:4   | Noticed a five-headed hydra
 14247 | Lair:4   | Killed a one-headed hydra
 14247 | Lair:4   | Reached skill level 10 in Axes
 14306 | Lair:4   | Reached skill level 5 in Dodging
 14341 | Lair:4   | Noticed a catoblepas
 14378 | Lair:4   | Killed a catoblepas
 14473 | Lair:4   | Noticed Nergalle
 14527 | Lair:4   | Killed Nergalle
 14552 | Lair:4   | Received a gift from Okawaru
 14657 | Lair:4   | Got a spiked chain mail
 14669 | Lair:4   | Identified the +2 chain mail "Ighua" {+Blink Int+4} (You found it on level 4 of the Lair of Beasts)
 14830 | Lair:4   | Reached skill level 11 in Axes
 14830 | Lair:4   | Reached XP level 14. HP: 103/108 MP: 21/21
 15410 | Lair:5   | Found a staircase to the Slime Pits.
 15411 | Lair:5   | Found a viscous altar of Jiyva.
 16407 | Lair:6   | Entered Level 6 of the Lair of Beasts
 16523 | Lair:6   | Reached skill level 12 in Axes
 16673 | Lair:6   | Reached skill level 10 in Fighting
 17041 | Lair:6   | Received a gift from Okawaru
 17044 | Lair:6   | Got a twisted cloak {god gift}
 17055 | Lair:6   | Identified the +2 cloak of Spring {rPois Stlth+} (Okawaru gifted it to you on level 6 of the Lair of Beasts)
 17253 | Lair:6   | Reached XP level 15. HP: 104/117 MP: 22/22
 17513 | Lair:6   | Reached skill level 10 in Armour
 17530 | Lair:6   | Reached skill level 13 in Axes
 17816 | Lair:6   | Received a gift from Okawaru
 18055 | Lair:6   | Got a smoking marble ring
 18082 | Lair:6   | Identified the ring of Qickuefi {rPois Str+4 Int+3} (You found it on level 6 of the Lair of Beasts)
 18088 | Lair:6   | Upgraded the game from 0.19-b1-4-gd8a0a2a to 0.19-b1-5-gdc9fa9d
 18312 | Orc:1    | Entered Level 1 of the Orcish Mines
 18370 | Orc:1    | Found Celixtoi's Quality Used Wands.
 18533 | Orc:2    | Entered Level 2 of the Orcish Mines
 18533 | Orc:2    | Noticed Snorg
 18551 | Orc:1    | Killed Snorg
 18594 | Orc:2    | Noticed Josephine
 18624 | Orc:1    | Killed Josephine
 19164 | Orc:2    | Found a staircase to the Elven Halls.
 19201 | Orc:2    | Found a roughly hewn altar of Beogh.
 19452 | Orc:2    | Found a roughly hewn altar of Beogh.
 19754 | Orc:2    | Noticed an orc warlord
 19784 | Orc:2    | Killed an orc warlord
 19851 | Orc:2    | Found Dyshroptu's Antique Armour Boutique.
 19916 | Orc:2    | Found a roughly hewn altar of Beogh.
 19918 | Orc:2    | Found Ullo's Antique Weapon Shop.
 19925 | Orc:2    | Bought a jewelled ring mail for 198 gold pieces
 19941 | Orc:2    | Identified the +4 ring mail of Fumiug {rC+ MR++ Str-5 Int+2} (You bought it in a shop on level 2 of the Orcish Mines)
 20035 | Orc:2    | Noticed Donald
 20053 | Orc:2    | Killed Donald
 20053 | Orc:2    | Received a gift from Okawaru
 20150 | Orc:2    | Found a roughly hewn altar of Beogh.
 20165 | Orc:2    | Found Jyasiuj's Antique Armour Shop.
 20178 | Orc:2    | Bought a pair of embroidered boots for 262 gold pieces
 20218 | Orc:2    | Found a roughly hewn altar of Beogh.
 20242 | Orc:2    | Found Barghah's Food Emporium.
 20513 | D:10     | Bought a scroll of acquirement for 520 gold pieces
 20513 | D:10     | Bought a scroll of enchant weapon for 75 gold pieces
 20601 | D:12     | Reached skill level 14 in Axes
 20716 | D:12     | Received a gift from Okawaru
 20732 | D:12     | Got a pair of steaming gloves {god gift}
 20753 | D:12     | Identified the +0 pair of gloves of Okawaru's Reproof {Dex+5} (Okawaru gifted it to you on level 12 of the Dungeon)
 20756 | D:12     | You fall through a shaft for 3 floors!
 20756 | D:15     | Entered Level 15 of the Dungeon
 20771 | D:15     | Reached XP level 16. HP: 83/126 MP: 23/23
 20825 | D:15     | Gained mutation: Your spells are a little easier to cast, but a little less powerful. [potion of mutation]
 20825 | D:15     | Lost mutation: Your spells are a little easier to cast, but a little less powerful. [potion of mutation]
 20825 | D:15     | Gained mutation: Your system is resistant to poisons. (rPois) [potion of mutation]
 20924 | D:15     | Got a scorched wooden ring
 21109 | D:15     | Found a staircase to the Depths.
 21673 | D:15     | Identified the ring "Piutwarpho" {Fire rElec MR+ Dex+3 Stlth-} (You found it on level 15 of the Dungeon)
 21688 | D:15     | Learned a level 2 spell: Repel Missiles
 22000 | D:14     | Gained mutation: You possess an exceptional clarity of mind. [potion of beneficial mutation]
 22103 | D:14     | Found a gate to the Vaults.
 22417 | D:14     | Got a brightly glowing ring mail
 22418 | D:14     | Identified the +1 ring mail of the Wilderness {rC+ Str+4 Int-5} (You found it on level 14 of the Dungeon)
 23198 | D:13     | Received a gift from Okawaru
 23205 | D:13     | Reached skill level 15 in Axes
 23976 | D:10     | Bought a +0 arbalest for 63 gold pieces
 24108 | Spider:1 | Entered Level 1 of the Spider Nest
 24922 | Spider:1 | Reached XP level 17. HP: 134/134 MP: 24/24
 24951 | Spider:1 | Noticed Azrael
 24972 | Spider:1 | Killed Azrael
 24973 | Spider:1 | Received a gift from Okawaru
 25666 | Spider:2 | Noticed Arachne
 25681 | Spider:2 | Reached skill level 10 in Dodging
 25684 | Spider:2 | Killed Arachne
 25846 | Spider:2 | Reached skill level 16 in Axes
 25869 | Spider:2 | Learned a level 2 spell: Song of Slaying
 26301 | Spider:3 | Received a gift from Okawaru
 26952 | Spider:3 | Reached XP level 18. HP: 143/143 MP: 25/25
 27107 | Spider:4 | Entered Level 4 of the Spider Nest
 27621 | Spider:4 | Received a gift from Okawaru
 27627 | Spider:4 | Got an ichor-stained battleaxe {god gift}
 27628 | Spider:4 | Identified the +7 battleaxe of Taxation {chop, Int+4} (Okawaru gifted it to you on level 4 of the Spider Nest)
 27803 | Spider:4 | Reached skill level 17 in Axes
 28356 | Spider:4 | Got a gossamer rune of Zot
 28422 | Spider:4 | Received a gift from Okawaru
 28681 | Swamp:1  | Entered Level 1 of the Swamp
 29445 | Swamp:2  | Received a gift from Okawaru
 29797 | Swamp:2  | Noticed Louise
 29823 | Swamp:2  | Killed Louise
 29919 | Swamp:2  | Reached XP level 19. HP: 145/152 MP: 26/26
 30631 | Swamp:3  | Reached skill level 18 in Axes
 30739 | Swamp:4  | Entered Level 4 of the Swamp
 30932 | Swamp:3  | Received a gift from Okawaru
 31459 | Swamp:4  | Noticed the 27-headed Lernaean hydra
 31475 | Swamp:4  | Killed the 27-headed Lernaean hydra
 32422 | Swamp:4  | Got a decaying rune of Zot
 32790 | Vaults:1 | Entered Level 1 of the Vaults
 32962 | Vaults:1 | Got an encrusted great mace
 32963 | Vaults:1 | Identified the +8 great mace of Idaboph {venom, Str+4} (You found it on level 1 of the Vaults)
 33179 | Vaults:1 | Received a gift from Okawaru
 33235 | Vaults:1 | Reached XP level 20. HP: 161/161 MP: 27/27
 33320 | Vaults:1 | Reached skill level 15 in Fighting
 33489 | Vaults:1 | Reached skill level 15 in Armour
 33506 | Vaults:1 | Found Hisih's Distillery.
 33506 | Vaults:1 | Found Qoexipan's Weapon Boutique.
 33522 | Vaults:1 | Bought a potion of resistance for 130 gold pieces
 33522 | Vaults:1 | Bought a potion of resistance for 130 gold pieces
 33522 | Vaults:1 | Bought a potion of heal wounds for 65 gold pieces
 33522 | Vaults:1 | Bought a potion of might for 52 gold pieces
 33522 | Vaults:1 | Bought a potion of curing for 39 gold pieces
 33522 | Vaults:1 | Bought a potion of agility for 52 gold pieces
 33522 | Vaults:1 | Bought a potion of resistance for 130 gold pieces
 33522 | Vaults:1 | Bought a potion of heal wounds for 65 gold pieces
 33616 | Vaults:1 | Found Gaquen's Antique Weapon Boutique.
 33804 | Vaults:1 | Reached skill level 19 in Axes
 33837 | Vaults:1 | Received a gift from Okawaru
 34035 | Vaults:2 | Noticed Gekot's ghost (adept MiFi)
 34051 | Vaults:2 | Killed Gekot's ghost
 34354 | Vaults:2 | Received a gift from Okawaru
 34889 | Vaults:2 | Received a gift from Okawaru
 35206 | Vaults:2 | Found a staircase to the Crypt.
 35234 | Vaults:2 | Noticed Asterion
 35247 | Vaults:2 | Killed Asterion
 35250 | Vaults:2 | Reached XP level 21. HP: 152/170 MP: 26/28
 35255 | Vaults:2 | Noticed Xtahua
 35477 | Vaults:2 | Killed Xtahua
 35810 | Vaults:3 | Noticed Aizul
 35828 | Vaults:3 | Killed Aizul
 35906 | Vaults:3 | Reached skill level 20 in Axes
 36541 | Vaults:3 | Received a gift from Okawaru
 36598 | Vaults:3 | Got a fine plate armour {god gift}
 36599 | Vaults:3 | Identified the +1 plate armour "Anu Geypota" {rElec Regen+ MP+9 Dex-2} (Okawaru gifted it to you on level 3 of the Vaults)
 37843 | Vaults:4 | Reached XP level 22. HP: 137/179 MP: 22/29
 38206 | Vaults:4 | Received a gift from Okawaru
 38209 | Vaults:4 | Got a pair of heavily runed gloves {god gift}
 38220 | Vaults:4 | Identified the +0 pair of gloves of the Gravedigger {rF- Int+5 Slay+2} (Okawaru gifted it to you on level 4 of the Vaults)
 38562 | Elf:1    | Entered Level 1 of the Elven Halls
 38611 | Elf:1    | Found a ruined gateway.
 38633 | Desolati | Entered the Desolation of Salt
 38642 | Desolati | Noticed feelmyfire's ghost (adept MiFi)
 38682 | Desolati | Killed feelmyfire's ghost
 38851 | Desolati | Reached skill level 21 in Axes
 38949 | Desolati | Got a heavily runed steel ring
 39046 | Desolati | Identified the Grimoire of Flames and Intoxication
 39144 | Desolati | Identified the ring of Zogoiva {*Corrode rF+ rN++ Dex+5} (You took it off an imperial myrmidon in the Desolation of Salt)
 39152 | Desolati | Got a polished buckler
 39163 | Desolati | Identified the +4 buckler of the Untouchables {rF+ Regen+ Str-5} (You found it in the Desolation of Salt)
 39180 | Desolati | Got a brightly glowing plate armour
 39191 | Desolati | Identified the +10 plate armour of Zeteroill {rPois rC+ Dex-3 Slay+2 Stlth+} (You found it in the Desolation of Salt)
 39298 | Desolati | Identified Sif Muna's Catalogue of the Glacier
 39320 | Desolati | Learned a level 3 spell: Lesser Beckoning
 39325 | Desolati | Learned a level 4 spell: Passage of Golubria
 39329 | Desolati | Learned a level 3 spell: Teleport Other
 39333 | Desolati | Learned a level 3 spell: Portal Projectile
 39708 | Elf:1    | Reached skill level 1 in Translocations
 39721 | Elf:1    | Reached skill level 1 in Charms
 39729 | Elf:1    | Reached skill level 1 in Spellcasting
 39741 | Elf:1    | Identified the Reference Book on Dark Rituals
 40112 | Elf:1    | Found Eckiti's Gadget Boutique.
 40802 | Elf:2    | Received a gift from Okawaru
 40849 | Elf:2    | Found Muykk's Assorted Antiques.
 40863 | Elf:2    | Bought a moonstone ring for 110 gold pieces
 40863 | Elf:2    | Bought a fine lead ring for 110 gold pieces
 40863 | Elf:2    | Bought a potion of curing for 66 gold pieces
 40864 | Elf:2    | Identified the ring of Scepticism {rC+ Int+3 Dex+4 Stlth-} (You bought it in a shop on level 2 of the Elven Halls)
 41029 | Elf:2    | Found a runed gate.
 41029 | Elf:2    | Found a runed gate.
 41029 | Elf:2    | Found a runed gate.
 41168 | Elf:2    | Reached skill level 5 in Translocations
 41168 | Elf:2    | Reached XP level 23. HP: 137/186 MP: 30/30
 41443 | Elf:2    | Reached skill level 5 in Charms
 41653 | Elf:3    | Entered Level 3 of the Elven Halls
 42014 | Elf:3    | Reached skill level 5 in Spellcasting
 42204 | Elf:3    | Received a gift from Okawaru
 42629 | Elf:3    | Got a scorched pewter ring
 42668 | Elf:3    | Got a scintillating golden ring
 42721 | Elf:3    | Identified the ring "Ufoosih" {rPois rC+++ Str+6 Int-2 Slay+3} (You took it off a deep elf annihilator on level 3 of the Elven Halls)
 42725 | Elf:3    | Identified the ring "Tubrajom" {rF- Dex+5 Stlth-} (You took it off a deep elf high priest on level 3 of the Elven Halls)
 42805 | Elf:3    | Identified the Guide on Floating Poisoning
 42809 | Elf:3    | Got a polished plate armour
 42810 | Elf:3    | Identified the cursed +1 plate armour of the Solstice {rF++ rC+ Stlth+} (You found it on level 3 of the Elven Halls)
 42923 | Elf:3    | Reached XP level 24. HP: 193/193 MP: 33/33
 43133 | Elf:3    | Found a radiant altar of Vehumet.
 43524 | Depths:1 | Entered Level 1 of the Depths
 43607 | Depths:1 | Found a gateway to Hell.
 43647 | Depths:1 | Reached skill level 10 in Translocations
 43821 | Depths:1 | Found a one-way gate to the infinite horrors of the Abyss.
 44022 | Depths:1 | Received a gift from Okawaru
 44367 | Depths:1 | Noticed a caustic shrike
 44376 | Depths:1 | Killed a caustic shrike
 44410 | Depths:1 | Found a one-way gate leading to the halls of Pandemonium.
 44557 | Depths:1 | Received a gift from Okawaru
 44672 | Depths:1 | Got a distressingly furry cloak {god gift}
 44683 | Depths:1 | Identified the +0 cloak of Okawaru's Condemnation {rPois} (Okawaru gifted it to you on level 1 of the Depths)
 45215 | Depths:2 | Reached XP level 25. HP: 198/200 MP: 34/34
 46088 | Depths:3 | Received a gift from Okawaru
 46371 | Depths:3 | Noticed the Enchantress
 46372 | Depths:3 | Found a gateway to a ziggurat.
 46388 | Depths:3 | Killed the Enchantress
 47049 | Depths:3 | Found a portal to a secret trove of treasure.
 47058 | Trove    | Entered a treasure trove
 47251 | Depths:3 | Reached skill level 1 in Crossbows
 47387 | Depths:4 | Noticed a caustic shrike
 47400 | Depths:4 | Killed a caustic shrike
 47416 | Depths:4 | Reached skill level 5 in Crossbows
 47692 | Depths:4 | Reached XP level 26. HP: 208/208 MP: 34/34
 48186 | Depths:5 | Entered Level 5 of the Depths
 48602 | Depths:5 | Reached skill level 10 in Crossbows
 49021 | Depths:5 | Found a gate to the Realm of Zot.
 49281 | Depths:3 | Got faerie dragon scales
 49282 | Depths:3 | Identified the +2 faerie dragon scales {*Drain +Fly rC+ Dex+3} (You took it off the Enchantress on level 3 of the Depths)
 49690 | Vaults:5 | Entered Level 5 of the Vaults
 49989 | Vaults:5 | Received a gift from Okawaru
 49993 | Vaults:5 | Reached XP level 27. HP: 120/215 MP: 28/34
 50271 | Vaults:5 | Reached skill level 15 in Dodging
 50271 | Vaults:5 | Received a gift from Okawaru
 50296 | Vaults:4 | Received a gift from Okawaru
 50961 | Vaults:5 | Received a gift from Okawaru
 50989 | Vaults:5 | Got a silver rune of Zot
 51152 | Vaults:5 | Noticed Sojobo
 51336 | Vaults:5 | Killed Sojobo
 51373 | Vaults:5 | Received a gift from Okawaru
 51479 | Vaults:5 | Received a gift from Okawaru
 51483 | Vaults:5 | Found Zaebaref's Antique Weapon Shop.
 51749 | Vaults:5 | Got a crude cloak
 52374 | D:6      | Fell from the grace of Okawaru
 52374 | D:6      | Became a worshipper of the Shining One
 52625 | Crypt:1  | Entered Level 1 of the Crypt
 52739 | Crypt:1  | Reached * piety under the Shining One
 52997 | Crypt:1  | Reached ** piety under the Shining One
 53007 | Crypt:1  | Reached skill level 22 in Axes
 53026 | Crypt:1  | Reached *** piety under the Shining One
 53087 | Crypt:1  | Reached **** piety under the Shining One
 53165 | Crypt:1  | Noticed Jory
 53171 | Crypt:1  | Killed Jory
 53304 | Crypt:1  | Reached ***** piety under the Shining One
 53499 | Crypt:1  | Found a basalt altar of Yredelemnul.
 53827 | Crypt:2  | Reached skill level 23 in Axes
 54048 | Crypt:2  | Reached ****** piety under the Shining One
 54319 | Crypt:3  | Entered Level 3 of the Crypt
 54480 | Crypt:3  | Noticed Khufu
 54481 | Crypt:3  | Noticed a greater mummy
 54497 | Crypt:3  | Killed a greater mummy
 54504 | Crypt:3  | Killed Khufu
 54598 | Crypt:3  | Noticed Boris
 54608 | Crypt:3  | Killed Boris
 54608 | Crypt:3  | Reached skill level 24 in Axes
 54614 | Crypt:3  | Found a basalt altar of Yredelemnul.
 54616 | Crypt:3  | Noticed an ancient lich
 54625 | Crypt:3  | Killed an ancient lich
 54659 | Crypt:3  | Learned a level 2 spell: Swiftness
 54857 | Crypt:3  | Found a staircase to the Tomb.
 55539 | Hell     | Entered the Vestibule of Hell
 55539 | Hell     | Noticed Geryon
 55567 | Hell     | Killed Geryon
 55588 | Hell     | Reached skill level 25 in Axes
 55681 | Hell     | Found a gateway to the decaying netherworld of Tartarus.
 55909 | Hell     | Found a gateway to the freezing wastes of Cocytus.
 56006 | Hell     | Found a gateway to the Iron City of Dis.
 56048 | Hell     | Found a gateway to the ashen valley of Gehenna.
 56123 | Pan      | Entered Pandemonium
 56128 | Pan      | Noticed Kabua the pandemonium lord
 56146 | Pan      | Killed Kabua the pandemonium lord
 56256 | Pan      | Found an exit through the horrors of the Abyss.
 56795 | Pan      | Identified the +1 cloak "Qemiunaf" {rElec rPois rCorr SInv} (You found it on level 5 of the Vaults)
 56951 | Pan      | Entered the realm of Gloorx Vloq.
 57046 | Pan      | Reached skill level 26 in Axes
 57224 | Pan      | Found an exit through the horrors of the Abyss.
 57603 | Pan      | Noticed Gloorx Vloq
 57613 | Pan      | HP: 9/220 [Gloorx Vloq (10)]
 57615 | Pan      | Killed from afar by Gloorx Vloq

Skill      XL: |  1  2  3  4  5  6  7  8  9 10 11 12 13 14 15 16 17 18 19 20 21 22 23 24 25 26 27 |
---------------+----------------------------------------------------------------------------------+-----
Armour         | 1 2 5 6 8 9 11 12 13 14 15 16 17 19 | 19.0
Axes           | 4 7 8 9 11 12 14 15 16 17 18 19 20 21 26 | 26.3
Fighting       | 4 6 7 9 10 11 12 13 14 15 16 17 19 | 19.0
Shields        | 2 3 9 14 16 | 16.2
Invocations    | 1 3 6 9 |  9.4
Dodging        | 3 5 7 8 9 10 11 12 13 14 16 | 16.0
Translocations | 5 9 14 | 14.3
Charms         | 4 7 |  7.7
Spellcasting   | 3 7 |  7.4
Crossbows      | 5 13 | 13.3
Stealth        | |  2.4

Action                   |  1- 3 |  4- 6 |  7- 9 | 10-12 | 13-15 | 16-18 | 19-21 | 22-24 | 25-27 || total
-------------------------+-------+-------+-------+-------+-------+-------+-------+-------+-------++-------
Melee: Hand axe          |    96 |   238 |   792 |   350 |       |       |       |       |       ||  1476
       War axe           |       |       |    37 |       |       |       |       |       |       ||    37
       Broad axe         |       |       |       |   383 |  1033 |    14 |       |       |       ||  1430
       Unarmed           |       |       |       |    20 |       |       |       |       |       ||    20
       Scimitar          |       |       |       |       |    15 |       |       |       |       ||    15
       Battleaxe         |       |       |       |       |   511 |  1423 |   593 |       |       ||  2527
       Executioner's axe |       |       |       |       |       |       |   588 |  1040 |  1988 ||  3616
 Fire: Arbalest          |       |       |       |       |       |       |    39 |       |     9 ||    48
Throw: Javelin           |       |       |     7 |    57 |    36 |    11 |    10 |     4 |     2 ||   127
 Cast: Song of Slaying   |       |       |       |       |       |       |       |     1 |     5 ||     6
       Lesser Beckoning  |       |       |       |       |       |       |       |     1 |     5 ||     6
       Repel Missiles    |       |       |       |       |       |       |       |     1 |     3 ||     4
       Portal Projectile |       |       |       |       |       |       |       |       |     1 ||     1
Invok: Heroism           |       |       |     8 |    13 |    16 |    13 |    18 |    14 |    12 ||    94
       Finesse           |       |       |       |     3 |     2 |     2 |     7 |     4 |     6 ||    24
       Divine Shield     |       |       |       |       |       |       |       |       |     4 ||     4
       Summon Divine War |       |       |       |       |       |       |       |       |     3 ||     3
       Cleansing Flame   |       |       |       |       |       |       |       |       |     1 ||     1
 Abil: Dig               |     2 |     7 |    10 |    11 |    22 |    13 |     1 |    10 |    12 ||    88
Evoke: Wand              |       |       |       |     3 |       |     1 |       |    10 |     9 ||    23
  Use: Scroll            |     1 |     3 |     6 |    11 |     5 |    18 |     6 |    23 |    18 ||    91
       Potion            |       |       |     7 |     4 |     3 |     2 |    10 |     6 |    12 ||    44
 Stab: Distracted        |       |     1 |     1 |       |       |       |       |     2 |     3 ||     7
       Sleeping          |       |     1 |     1 |       |       |       |       |     1 |       ||     3
       Invisible         |       |       |       |     9 |       |       |       |       |       ||     9
       Confused          |       |       |       |     1 |       |       |       |       |       ||     1
       Petrifying        |       |       |       |       |     6 |       |       |       |       ||     6
       Petrified         |       |       |       |       |     6 |       |       |       |       ||     6
  Eat: Chunk             |     2 |     9 |    14 |    21 |    30 |    30 |    28 |    23 |    24 ||   181
       Beef jerky        |       |       |       |       |       |     2 |       |       |       ||     2
       Pizza             |       |       |       |       |       |       |       |     2 |       ||     2
       Royal jelly       |       |       |       |       |       |       |       |       |     3 ||     3
       Meat ration       |       |       |       |       |       |       |       |       |     4 ||     4
Armor: Robe              |     5 |       |       |       |       |       |       |       |       ||     5
       Ring mail         |    27 |    64 |       |       |       |       |       |       |       ||    91
       Chain mail        |       |    12 |   316 |    21 |   349 |   435 |   256 |    30 |       ||  1419
       Skin              |       |       |    28 |       |       |       |       |       |       ||    28
       Plate armour      |       |       |       |   290 |       |       |     2 |   132 |   584 ||  1008
Dodge: Dodged            |    61 |   132 |   259 |   166 |   324 |   612 |   513 |   217 |   786 ||  3070
       Deflected         |       |       |       |       |       |       |       |     1 |     9 ||    10
Block: Buckler           |       |    31 |   192 |   127 |       |       |       |       |       ||   350
       Large shield      |       |       |       |   302 |  1287 |  1726 |  1135 |   810 |  2222 ||  7482
       Reflection        |       |       |       |       |       |       |       |   114 |    59 ||   173
       Rpst.: Scimitar   |       |       |       |       |     1 |       |       |       |       ||     1

Table legend:
 A = Turns spent in this place as a percentage of turns spent in the entire game.
 B = Non-inter-level travel turns spent in this place as a percentage of non-inter-level travel turns spent in the entire game.
 C = Inter-level travel turns spent in this place as a percentage of turns spent in this place.
 D = Turns resting spent in this place as a percentage of non-inter-level travel turns spent in this place.
 E = Turns spent auto-exploring this place as a percentage of non-inter-level travel turns spent in this place.
 F = Non-inter-level travel turns spent in this place divided by the number of levels of this place that you've seen.
                   A       B       C       D       E      F
               +-------+-------+-------+-------+-------+----------------------
         Total | 100.0 | 100.0 |   0.5 |   2.1 |  12.3 | 381.9
       Dungeon |  22.8 |  22.8 |   0.8 |   2.7 |  12.7 | 313.0
        Temple |   0.1 |   0.0 |   9.1 |   0.0 |  80.0 |  10.0
          Lair |  10.5 |  10.5 |   0.4 |   1.6 |  10.3 | 361.0
         Swamp |   6.2 |   6.2 |   0.5 |   3.3 |  12.1 | 319.2
   Spider Nest |  10.2 |  10.2 |   0.5 |   1.8 |   8.2 | 524.2
  Orcish Mines |   3.9 |   3.9 |   0.6 |   2.6 |  16.0 | 405.5
   Elven Halls |   7.9 |   8.0 |   0.3 |   1.9 |  13.0 | 547.3
        Vaults |  14.3 |  14.3 |   0.4 |   2.4 |  14.8 | 589.2
         Crypt |   6.3 |   6.3 |   0.4 |   0.3 |  12.1 | 433.3
        Depths |  11.2 |  11.2 |   0.8 |   2.0 |  12.7 | 461.0
          Hell |   1.7 |   1.7 |   0.0 |   0.0 |   8.0 | 351.0
   Pandemonium |   2.4 |   2.4 |   0.0 |   0.6 |  14.6 | 246.0
         Trove |   0.1 |   0.1 |   0.0 |   0.0 |  33.3 |  15.0
         Sewer |   0.5 |   0.5 |   0.0 |   2.0 |  15.0 | 100.0
    Desolation |   2.0 |   2.0 |   0.0 |   4.3 |   7.4 | 417.0
               +-------+-------+-------+-------+-------+----------------------

Table legend:
 A = Kills in this place as a percentage of kills in entire the game.
 B = Kills by you in this place as a percentage of kills by you in the entire game.
 C = Kills by friends in this place as a percentage of kills by friends in the entire game.
 D = Other kills in this place as a percentage of other kills in the entire game.
 E = Experience gained in this place as a percentage of experience gained in the entire game.
 F = Experience gained in this place divided by the number of levels of this place that you have seen.
                   A       B       C       D       E      F
               +-------+-------+-------+-------+-------+----------------------
         Total | 100.0 | 100.0 | 100.0 | 100.0 | 100.0 | 27567.5
       Dungeon |  16.2 |  16.4 |   0.0 |   0.0 |   3.8 | 3819.1
          Lair |   7.9 |   8.0 |   0.0 |   0.0 |   4.3 | 10726.5
         Swamp |   5.9 |   5.9 |  14.3 |   4.5 |   5.0 | 18452.2
   Spider Nest |  10.5 |  10.6 |   0.0 |   4.5 |   7.2 | 26739.0
  Orcish Mines |   5.2 |   5.3 |   0.0 |   0.0 |   1.2 | 8630.5
   Elven Halls |   7.5 |   7.2 |  14.3 |  40.9 |  11.0 | 54386.0
        Vaults |  17.5 |  17.5 |   0.0 |  18.2 |  24.3 | 72337.0
         Crypt |   8.3 |   8.2 |  71.4 |   0.0 |  11.1 | 55215.3
        Depths |  13.0 |  13.0 |   0.0 |  22.7 |  21.6 | 64234.0
          Hell |   3.5 |   3.5 |   0.0 |   9.1 |   4.4 | 65662.0
   Pandemonium |   2.2 |   2.2 |   0.0 |   0.0 |   4.0 | 29688.5
         Sewer |   0.2 |   0.2 |   0.0 |   0.0 |   0.0 | 153.0
    Desolation |   2.0 |   2.0 |   0.0 |   0.0 |   2.2 | 32124.0
               +-------+-------+-------+-------+-------+----------------------

Vault maps used:
D:1:      lordsloth_arrival_two_stooges
D:2:      bloody_trog, uniq_iyjb
D:3:      zin_angel
D:4:      kennysheep_mini_moat, first_bread
D:5:      old_forge, lemuel_zombie_altar_yredelemnul, old_standard_altar,
          portal_sewer_entry_e
D:6:      nicolae_tso_besieged_by_evil, kennysheep_mini, sigmund_army,
          uniq_edmund
D:7:      nicolae_ru_awakened_eye, lemuel_mausoleum_altar_yredelemnul
D:8:      nicolae_overflow_hidden_temple, blue_anna_alchemist,
          minmay_misc_feat_four_crosses
D:9:      uniq_psyche, uniq_joseph, uniq_erica
D:10:     minmay_orc_entry_guard_dogs, serial_shops, shop, shop,
          nicolae_shop_overgrown_old_shop, hangedman_decor_peaks_small
D:11:     lair_0_dummy, serial_shops, shop, uniq_maurice, uniq_harold
D:12:     minmay_variable_closet, corexii_checkpoint_a, minmay_misc_feat_rows,
          grunt_ministairs_14
D:14:     david_vaults_2, hex_medium
D:15:     hangedman_depths_entry_try_elsewhere_first, grunt_decor_arrowhead
Temple:   cyrus_circular_temple
Lair:1:   serial_bayou_pond_e, lemuel_fruit_fields
Lair:2:   minmay_swamp_entry_reptiles, serial_bayou, serial_bayou_shore_b,
          serial_bayou_pond_e, serial_bayou_ford_a, serial_bayou_pond_d,
          guppyfry_lair_drakes, lemuel_fruit_fields
Lair:3:   dummy_spider_entry, lemuel_fruit_fields
Lair:4:   uniq_nergalle
Lair:5:   slime_altar_1, eino_small_chamber_without_monster, lookout_lair_type,
          roderic_carrion_pond, lemuel_fruit_tree
Lair:6:   evilmike_catoblepas_cave, grunt_megastairs_4, lemuel_fruit_fields
Swamp:1:  nicolae_swamp_dense_foliage, swamp_pool2
Swamp:2:  evilmike_swamp_ruin_rubble_1, infiniplex_staircase_pool_2, uniq_louise
Swamp:3:  hangedman_swamp_lotus, swamp_pool2
Swamp:4:  swamp_old_school, swamp_pool3
Spider:1: guppyfry_spider_mini_3, uniq_azrael
Spider:2: nicolae_spider_cling_ruins, uniq_arachne
Spider:3: hangedman_stitches_earthworm
Spider:4: guppyfry_spider_rune, nicolae_spider_circle_web
Orc:1:    nicolae_for_you_no_charge
Orc:2:    grunt_orc_community_town_hall, grunt_orc_community_big_house_2,
          grunt_orc_community_big_house_2, grunt_orc_community_house_2,
          grunt_orc_community_house_2, grunt_orc_community_house_2,
          grunt_orc_community_house_2, uniq_donald, uniq_josephine, uniq_snorg
Elf:1:    serial_shops, nicolae_shop_stone, portal_desolation_entry_twin_temple,
          minmay_elf_necromancy, spider_trap
Elf:2:    serial_shops, shop, minmay_misc_feat_five
Elf:3:    nooodl_elf_gasket, basic_altar
Vaults:1: nicolae_vaults_little_squares_3, v_misc_13, nicolae_vaults_rhombus_7,
          v_rooms_3, hangedman_vaults_maws, nicolae_vaults_little_squares_4,
          vaults_room_pools, hangedman_vaults_hard_town_square,
          vaults_mumra_minichess_inversion, vaults_room_fours, v_misc_4
Vaults:2: v_misc_32, v_misc_11, nicolae_vaults_stairing_the_circle, v_rooms_2,
          vaults_mumra_hexcomb, v_pattern_3, minmay_crypt_entry_simple_walls,
          vaults_room_large_hall, nicolae_vaults_little_squares_1,
          nicolae_vaults_little_squares_4, vaults_dpeg_ring,
          nicolae_vaults_specimen_jars, uniq_xtahua, uniq_asterion
Vaults:3: grunt_vaults_trifunnel, v_misc_11, v_rooms_6, ontoclasm_vaults_bender,
          vaults_dpeg_encased_lava, v_misc_8, nicolae_vaults_bisected_slash,
          ontoclasm_vaults_pinch, v_alt_pattern_4, grunt_vaults_focal,
          vaults_room_octagon, v_pattern_1, nicolae_vaults_gold_heap, uniq_aizul
Vaults:4: vaults_room_grid, vaults_room_grid, ontoclasm_vaults_idyll, v_misc_29,
          nicolae_vaults_network_periphery, vaults_room_door_hall,
          hangedman_vaults_stream, ontoclasm_vaults_gateway, vaults_mumra_hex
Vaults:5: uniq_sojobo
Crypt:1:  lemuel_vampire_tower, hangedman_weighted_door, grunt_megastairs_2
Crypt:3:  cryptofortress_bobbens, uniq_khufu, uniq_boris
Depths:1: hangedman_abyss_entry_splay, rand_demon_pan_entry_4, grunt_hell_horde,
          minmay_the_grid_4x2
Depths:2: minmay_connected_triangles_in_corner, pf_hell_entry_tar_spiral,
          rand_demon_pan_entry_7, hangedman_decor_riveting,
          basic_stair_grate_trap
Depths:3: minmay_diamond_stairs, enter_ziggurat_b, rand_demon_pan_entry_9,
          serial_glass, glass_columns_a, glass_columns_b,
          nicolae_trove_entry_crossroad, pf_vacation_house_of_asmodeus,
          uniq_enchantress
Depths:4: hangedman_cross_stitches, infiniplex_staircase_x, abyss_entry,
          hell_entry
Depths:5: grunt_x_marks_the_spot, wad_floor_pattern_1, rand_demon_pan_entry_5,
          hangedman_coc_ice_floe
Pan:      rand_demon_1, pan_blood_fountain, gloorx_vloq
Trove:    trove_wands_scrolls
Sewer:    kennysheep_door_sewer
